 Dungeon Crawl Stone Soup version 0.20.1-1-g8b1a95d (webtiles) character file.

142 ReteAZ the Caller (level 5, 0/30 HPs)
             Began as a Tengu Summoner on Aug 13, 2017.
             Succumbed to a kobold's poison
             ... on level 3 of the Dungeon.
             The game lasted 00:06:12 (2693 turns).

ReteAZ the Caller (Tengu Summoner)                  Turns: 2693, Time: 00:06:12

Health: 0/30       AC:  2    Str:  8    XL:     5   Next: 25%
Magic:  9/10       EV: 12    Int: 17    God:
Gold:   116        SH:  0    Dex: 14    Spells: 9/10 levels left

rFire    . . .     SeeInvis .   d - +2 dagger (elec)
rCold    . . .     Gourm    .   (no shield)
rNeg     . . .     Faith    .   a - +0 robe
rPois    .         Spirit   .   (helmet restricted)
rElec    .         Reflect  .   (no cloak)
rCorr    .         Harm     .   (no gloves)
MR       .....                  (boots unavailable)
Stlth    ++........             (no amulet)
Regen    0.1/turn               (no ring)
MPRegen  0.2/turn               (no ring)

@: lethally poisoned (0 -> -12), hasted, very quick
A: beak, talons 3, able to fly 1
a: Fly


You were on level 3 of the Dungeon.
You were hungry.

You visited 1 branch of the dungeon, and saw 3 of its levels.

You collected 116 gold pieces.

Inventory:

Hand Weapons
 d - a +2 dagger of electrocution (weapon)
Missiles
 g - 8 javelins (quivered)
Armour
 a - a +0 robe (worn)
Scrolls
 e - a scroll of blinking {unknown}
 f - 2 scrolls of identify {unknown}
 j - a scroll of enchant armour {unknown}
 k - 2 scrolls of magic mapping {unknown}
Books
 b - a book of Callings

   Spells                             Type                      Level
   a - Summon Small Mammal            Summoning                    1
   b - Call Imp                       Summoning                    2
   c - Call Canine Familiar           Summoning                    3
   d - Summon Guardian Golem          Hexes/Summoning              3
   e - Summon Lightning Spire         Summoning/Air                4
   f - Summon Ice Beast               Ice/Summoning                4
Comestibles
 c - 3 bread rations
 l - 2 meat rations


   Skills:
 + Level 2.1 Fighting
 - Level 2.1 Dodging
 - Level 2.0 Stealth
 + Level 3.0 Spellcasting
 * Level 6.4 Summonings


You had 9 spell levels left.
You knew the following spells:

 Your Spells              Type           Power        Failure   Level  Hunger
a - Summon Small Mammal   Summ           ###.         1%          1    None


Dungeon Overview and Level Annotations

Branches:
Dungeon (3/15)

Altars:


Innate Abilities, Weirdness & Mutations

You have a beak for a mouth.
You have claws for feet.
You can fly.


Message History

an uncursed dagger; an uncursed blowgun; 7 poisoned needles; a kobold corpse
* * * LOW HITPOINT WARNING * * *
You feel sick.
* * * LOW HITPOINT WARNING * * *
You feel sick.
It was a potion of haste.
You feel yourself speed up.
* * * LOW HITPOINT WARNING * * *
You feel sick.
Your quokka disappears in a puff of smoke!
* * * LOW HITPOINT WARNING * * *
You feel sick.
You see here 14 gold pieces.
You now have 116 gold pieces (gained 14).
* * * LOW HITPOINT WARNING * * *
You feel sick.
Okay, then.
You aren't carrying any potions.
* * * LOW HITPOINT WARNING * * *
You feel sick.
You die...

#............
#...........
#.........(##########
#..........#.........
#..........#.########
........(((#.#
.#.....((.#.#
#....(..(..#
#.@r(....#.......
##.r....##.#.####
...............#.#
###.###.#.#.#### # #
.....#.# .#.###.#
#.... ..# ###.# ##
#.#


You could see 2 friendly rats.

Vanquished Creatures
  4 adders (D:2)
  A worm (D:2)
  2 dart slugs (D:2)
  A leopard gecko (D:2)
  An orc (D:3)
  A giant cockroach (D:1)
  5 goblins
  3 hobgoblins
  2 jackals (D:3)
  10 kobolds
  2 quokkas
  A ball python (D:2)
  4 bats
  2 frilled lizards
  A leopard gecko zombie (D:1)
  6 rats
46 creatures vanquished.

Vanquished Creatures (collateral kills)
  An orc priest (D:3)
  Natasha (D:3)
  An adder (D:2)
  A leopard gecko (D:1)
  An orc (D:3)
  2 bats
  A giant cockroach (D:2)
  4 goblins
  3 jackals
  A kobold (D:1)
  A rat (D:3)
17 creatures vanquished.

Grand Total: 63 creatures vanquished

Notes
Turn   | Place    | Note
-------+----------+-------------------------------------------
     0 | D:1      | ReteAZ the Tengu Summoner began the quest for the Orb.
     0 | D:1      | Reached XP level 1. HP: 10/10 MP: 4/4
   205 | D:1      | Reached skill level 5 in Summonings
   450 | D:1      | Reached XP level 2. HP: 16/16 MP: 6/6
   500 | D:1      | Reached skill level 1 in Fighting
  1136 | D:1      | Reached XP level 3. HP: 20/20 MP: 7/7
  1726 | D:2      | Reached XP level 4. HP: 21/25 MP: 8/8
  2226 | D:2      | Reached skill level 6 in Summonings
  2411 | D:3      | Gained mutation: You can fly. [Tengu growth]
  2411 | D:3      | Reached XP level 5. HP: 8/30 MP: 6/10
  2655 | D:3      | Noticed Natasha
  2660 | D:3      | Killed Natasha
  2691 | D:3      | HP: 1/30 [poisoned by a kobold]
  2693 | D:3      | Succumbed to a kobold's poison

Skill      XL: |  1  2  3  4  5 |
---------------+----------------+-----
Summonings     | 5 6 |  6.4
Fighting       | 1 2 |  2.1
Spellcasting   | 3 |  3.0
Dodging        | |  2.1
Stealth        | |  2.0

Action                   |  1- 3 |  4- 6 || total
-------------------------+-------+-------++-------
Melee: Dagger            |    68 |    38 ||   106
       Kick              |    10 |     8 ||    18
       Peck              |     3 |     7 ||    10
 Cast: Summon Small Mamm |    15 |    15 ||    30
  Use: Potion            |       |     1 ||     1
 Stab: Sleeping          |     8 |     1 ||     9
       Distracted        |       |     1 ||     1
  Eat: Chunk             |     3 |     2 ||     5
Armor: Robe              |    17 |     5 ||    22
Dodge: Dodged            |    47 |    30 ||    77
